 Dungeon Crawl Stone Soup version 0.26-a0-61-g6c07f0ee8d (webtiles) character file.

Game seed: 4324374231937953921

50627 Gargoyl the Cleaver (level 14, -5/119 HPs)
             Began as a Centaur Abyssal Knight on June 9, 2020.
             Was a High Priest of Lugonu.
             Killed from afar by a fire giant (46 damage)
             ... with a bolt of fire
             ... on level 13 of the Dungeon.
             The game lasted 00:29:16 (18425 turns).

Gargoyl the Cleaver (Centaur Abyssal Knight)       Turns: 18425, Time: 00:29:16

Health: -5/119     AC: 23    Str: 19    XL:     14   Next: 20%
Magic:  13/22      EV: 10    Int: 17    God:    Lugonu [*****.]
Gold:   1577       SH:  6    Dex: 10    Spells: 13/13 levels left

rFire    . . .     SeeInvis .   t - +8 mithril axe "Arga" {speed, MR+}
rCold    . . .     Gourm    .   (no shield)
rNeg     . . .     Faith    .   I - +0 ring mail of Integrity {Regen+ Slay+3}
rPois    .         Spirit   .   q - +0 helmet
rElec    .         Reflect  .   w - +2 cloak
rCorr    .         Harm     .   h - +0 pair of gloves
MR       ++...     Rnd*Rage +   B - +0 centaur barding
Stlth    ..........             b - amulet of regeneration
HPRegen  1.09/turn              a - +6 ring of intelligence
MPRegen  0.18/turn              K - +4 ring of protection

@: very quick
A: large, hooves 3, large bone plates 2, berserk 1, deformed body, speed 2,
tough skin 3
a: Depart the Abyss, Bend Space, Banish, Corrupt, Enter the Abyss, Renounce
Religion


You were on level 13 of the Dungeon.
You worshipped Lugonu.
Lugonu was extremely pleased with you.
You were not hungry.

You visited 2 branches of the dungeon, and saw 19 of its levels.
You visited the Abyss 2 times.

You collected 1854 gold pieces.
You spent 277 gold pieces at shops.

Inventory:

Hand Weapons
 f - a +4 war axe
 t - the +8 mithril axe "Arga" (weapon) {speed, MR+}
   (You found it on level 5 of the Dungeon)

   Attacks with this weapon are significantly faster.
   It affects your resistance to hostile enchantments.
 A - a +1 hand axe of venom
 P - a +2 hand axe of electrocution
Armour
 h - a +0 pair of gloves (worn)
 j - a +2 plate armour of positive energy
 q - a +0 helmet (worn)
 w - a +2 cloak (worn)
 B - a +0 centaur barding (worn)
 I - the +0 ring mail of Integrity (worn) {Regen+ Slay+3}
   (You found it on level 3 of the Lair of Beasts)

   It affects your accuracy and damage with ranged weapons and melee attacks
   (+3).
   It increases your rate of regeneration.
Jewellery
 a - a +6 ring of intelligence (left hand)
 b - an amulet of regeneration (around neck)
 s - an uncursed amulet of reflection
 H - an uncursed ring of stealth
 K - a +4 ring of protection (right hand)
Wands
 d - a wand of digging (4)
 e - a wand of random effects (36)
 g - a wand of disintegration (4)
 m - a wand of acid (4)
 y - a wand of polymorph (14)
 E - a wand of flame (12)
 L - a wand of paralysis (12)
 M - a wand of iceblast (8)
Scrolls
 i - 8 scrolls of remove curse
 C - 8 scrolls of teleportation
 D - 4 scrolls of identify
 F - 2 scrolls of magic mapping
 J - a scroll of blinking
 N - a scroll of fear
Potions
 k - 11 potions of curing
 l - 2 potions of brilliance
 n - a potion of cancellation
 o - a potion of stabbing
 p - a potion of degeneration {unknown}
 r - 2 potions of magic {unknown}
 u - 3 potions of haste
 v - a potion of might {unknown}
 x - 3 potions of ambrosia
 z - 2 potions of heal wounds
 O - 2 potions of lignification {unknown}
Comestibles
 c - 24 rations
 G - 6 chunks of flesh


   Skills:
 + Level 9.6 Fighting
 + Level 13.6 Axes
 * Level 8.6 Armour
 * Level 7.8 Dodging
 * Level 11.6 Invocations


You had 13 spell levels left.
You didn't know any spells.
Your spell library contained the following spells:

 Spells                   Type           Power        Failure   Level  Hunger
 Infusion                 Chrm           #...         36%         1    ##.....
 Magic Dart               Conj           #...         36%         1    ##.....
 Shock                    Conj/Air       #...         36%         1    ##.....
 Sting                    Tmut/Pois      #...         36%         1    ##.....
 Summon Small Mammal      Summ           #...         36%         1    ##.....
 Blink                    Tloc           N/A          50%         2    ###....
 Call Imp                 Summ           #.......     50%         2    ###....
 Poisonous Vapours        Pois/Air       #.....       50%         2    ###....
 Shroud of Golubria       Chrm/Tloc      #.....       50%         2    ###....
 Slow                     Hex            #.......     50%         2    ###....
 Song of Slaying          Chrm           #.......     50%         2    ###....
 Swiftness                Chrm/Air       #.......     50%         2    ###....
 Call Canine Familiar     Summ           #.......     73%         3    ####...
 Conjure Flame            Conj/Fire      #.......     73%         3    ####...
 Ignite Poison            Fire/Tmut/Pois #.......     73%         3    ####...
 Mephitic Cloud           Conj/Pois/Air  #.......     73%         3    ####...
 Ozocubu's Armour         Chrm/Ice       #.......     73%         3    ####...
 Spectral Weapon          Hex/Chrm       #.......     73%         3    ####...
 Static Discharge         Conj/Air       #.......     73%         3    ####...
 Summon Guardian Golem    Hex/Summ       #.......     73%         3    ####...
 Airstrike                Air            #.........   98%         4    #####..
 Cause Fear               Hex            #.........   98%         4    #####..
 Olgreb's Toxic Radiance  Pois           #.......     98%         4    #####..
 Summon Ice Beast         Ice/Summ       #.......     98%         4    #####..
 Summon Lightning Spire   Summ/Air       #.......     98%         4    #####..
 Lightning Bolt           Conj/Air       #.........   100%        5    ######.
 Silence                  Hex/Air        #.........   100%        5    ######.
 Yara's Violent Unravell  Hex/Tmut       #.........   100%        5    ######.
 Discord                  Hex            #.........   100%        8    #######


Dungeon Overview and Level Annotations

Branches:
Dungeon (13/15)            Temple (0/1) D:7            Lair (6/6) D:9
  Swamp (0/4) Lair:4        Snake (0/4) Lair:2        Slime (0/5) Lair:6
    Orc (0/2) D:12
 Vaults: D:13-14

Altars:
Dithmenos
Elyvilon
Gozag
Hepliaklqana
Nemelex Xobeh
Sif Muna
Wu Jian
Xom
Yredelemnul
The Shining One

Shops:
D:8 (}   D:9 *   D:11 }

Annotations:
D:7 1 runed translucent door
D:13 2 transporters, Ylegg's ghost, journeyman HuWn


Innate Abilities, Weirdness & Mutations

You have hooves in place of feet.
Armour fits poorly on your strangely shaped body.
You cover ground very quickly.
You have extremely tough skin. (AC +3)
You are mostly covered in large bone plates. (SH +6)
You tend to lose your temper in combat.


Message History

The bolt of fire hits you!!
Unknown command.
You barely miss the fire giant.
You kick the fire giant, but do no damage.
The fire giant is lightly wounded.
Unknown command.
You slice the fire giant!!
The fire giant is moderately wounded.
You slash the electric eel!
The fire giant hits you but does no damage.
The orc wizard gestures at you while chanting.
The magic dart hits you.
There is a large open door, spattered with blood here.
The fire giant points at you and mumbles some strange words.
The fireball explodes!
The fireball engulfs you!!
Things that are here:
a +0 morningstar; a +0 robe The fire giant gestures at you while chanting.
The bolt of fire hits you!!!
You die...

#.####[###........#..
##..###............#..
#.........#........#.
#..##..####....#####.#
####.####<.####..### #..
#........#.........####.O
#........#..........#####
#..........)([......##...
#.......@.(..............
##.#..#.).^).........###).
#....#..##................
#####....##############....
####...##.C##...#### #####
###.......#('#.......###
#...#
#..........(...).}.....##
#....
.........≈≈≈≈≈≈..)......##
####.
......≈≈≈≈≈≈;≈≈≈)≈.......#
####.


You could see a fire giant.

Vanquished Creatures
  A stone giant (D:13)
  A fire dragon (Lair:6)
  Harold (D:8)
  2 two-headed ogres
  3 death yaks
  The ghost of Arhept the Thaumaturge, a journeyman DECj of Vehumet (Lair:1)
  An unseen horror (D:13)
  A lindwurm (Lair:6)
  An orc knight (D:13)
  Pikel (D:8)
  A wolf spider zombie (D:13)
  A manticore (D:13)
  2 ugly things
  A cyclops (D:13)
  Joseph (D:7)
  An elephant (Lair:4)
  Maurice (D:12)
  11 spiny frogs
  3 molten gargoyles
  5 black mambas
  Maggie (D:7)
  2 rime drakes
  11 komodo dragons
  5 trolls
  Grinder (D:6)
  2 bog bodies (Lair:4)
  10 hippogriffs
  3 blink frogs (Lair:3)
  A vampire (D:13)
  2 wraiths
  A shadow (D:13)
  A human (D:9)
  4 wyverns (Lair:6)
  51 yaks
  7 basilisks
  A steam dragon (Lair:6)
  A hungry ghost (D:12)
  3 nagas (Lair:2)
  A soldier ant (D:13)
  An acid dragon (D:13)
  10 water moccasins
  7 porcupines
  4 hell hounds (Lair:6)
  An ice beast (D:7)
  3 sky beasts
  11 orc warriors
  6 black bears
  2 necrophages
  2 phantoms
  8 ogres
  7 wolves
  10 centaurs
  9 crocodiles
  2 big kobolds (D:12)
  15 bullfrogs
  A wyvern skeleton (D:13)
  3 scorpions
  6 killer bees (D:8)
  12 wights
  3 electric eels
  2 howler monkeys
  5 crimson imps
  A bullfrog zombie (D:12)
  A centaur zombie (D:11)
  5 lava snakes (Lair:6)
  3 centaur skeletons
  16 jellies
  6 hounds
  4 bullfrog skeletons
  13 orc priests
  8 iguanas
  13 orc wizards
  11 worker ants
  2 worker ant zombies
  Robin (D:3)
  3 gnolls (D:6)
  13 adders
  4 shadow imps
  An ooze (Lair:6)
  3 adder zombies
  An adder skeleton (D:4)
  4 worms
  2 dart slugs (D:1)
  9 leopard geckos
  66 orcs
  5 ball pythons
  9 giant cockroaches
  8 goblins
  10 hobgoblins
  13 jackals
  19 kobolds
  4 quokkas
  11 bats
  8 frilled lizards
  A giant cockroach zombie (D:5)
  2 quokka skeletons
  9 rats
  A fungus (D:9)
568 creatures vanquished.

Vanquished Creatures (others)
  An ettin (D:12)
  7 hydras
  A black mamba (Lair:6)
  2 yaks (D:13)
  2 electric eels (D:13)
  An orc (D:13)
  3 fungi
  A plant (Lair:5)
18 creatures vanquished.

Grand Total: 586 creatures vanquished

Notes
Turn   | Place    | Note
-------+----------+-------------------------------------------
     0 | Abyss:1  | Gargoyl the Centaur Abyssal Knight began the quest for the
                  | Orb.
     0 | Abyss:1  | Reached XP level 1. HP: 19/19 MP: 2/2
    99 | Abyss:2  | Noticed an iron imp
   113 | Abyss:2  | Got a fine robe
   116 | Abyss:2  | Noticed a large abomination
   119 | D:1      | Escaped the Abyss
   130 | D:1      | Identified the cursed +0 robe of the Five Princes {rN+
                  | Int+2 Slay+3} (You found it on level 2 of the Abyss)
   256 | D:1      | Reached * piety under Lugonu
   266 | D:1      | Reached XP level 2. HP: 18/26 MP: 3/3
   510 | D:1      | Reached skill level 2 in Axes
   569 | D:1      | Reached skill level 1 in Dodging
   930 | D:1      | Reached XP level 3. HP: 26/31 MP: 4/4
  1107 | D:2      | You fall into a shaft and drop 2 floors!
  1115 | D:4      | Noticed a scorpion
  1121 | D:4      | Killed a scorpion
  1121 | D:4      | Reached XP level 4. HP: 16/40 MP: 5/5
  1663 | D:2      | Reached XP level 5. HP: 42/46 MP: 5/7
  1737 | D:2      | Reached skill level 3 in Axes
  1756 | D:2      | Found a glowing golden altar of the Shining One.
  1818 | D:2      | Reached ** piety under Lugonu
  2534 | D:2      | Found a hide-covered altar of Uskayaw.
  2536 | D:2      | Found a sparkling altar of Nemelex Xobeh.
  2536 | D:2      | Found an opulent altar of Gozag.
  2542 | D:2      | Found a shimmering altar of Xom.
  2542 | D:2      | Found a hazy altar of Hepliaklqana.
  2542 | D:2      | Found a shimmering blue altar of Sif Muna.
  2612 | D:3      | Reached XP level 6. HP: 46/52 MP: 8/8
  2837 | D:3      | Reached *** piety under Lugonu
  2837 | D:3      | Reached skill level 4 in Axes
  3268 | D:3      | Noticed Robin
  3277 | D:3      | Killed Robin
  3578 | D:4      | Reached XP level 7. HP: 55/60 MP: 9/9
  4146 | D:5      | Entered Level 5 of the Dungeon
  4272 | D:5      | Found the +8 mithril axe "Arga" {speed, MR+}
  4430 | D:5      | Noticed a yak
  4430 | D:5      | Noticed a yak
  4430 | D:5      | Noticed a yak
  4434 | D:5      | Noticed a yak
  4437 | D:5      | Noticed a yak
  4449 | D:5      | Killed a yak
  4449 | D:5      | Reached skill level 5 in Axes
  4449 | D:5      | Reached XP level 8. HP: 7/67 MP: 11/11
  4628 | D:5      | Reached **** piety under Lugonu
  4746 | D:5      | Reached skill level 5 in Fighting
  4863 | D:5      | Reached skill level 6 in Axes
  4870 | D:5      | Reached skill level 5 in Invocations
  5246 | D:5      | Reached XP level 9. HP: 67/74 MP: 12/12
  5522 | D:6      | Noticed Grinder
  5592 | D:6      | Killed Grinder
  5592 | D:6      | Reached skill level 7 in Axes
  5767 | D:6      | Found a basalt altar of Yredelemnul.
  5767 | D:6      | Found an ornate altar of the Wu Jian Council.
  5963 | D:7      | Found a runed translucent door.
  5963 | D:7      | Noticed a sixfirhy
  5963 | D:7      | Noticed a green ugly thing
  5970 | D:7      | Found a staircase to the Ecumenical Temple.
  5973 | D:7      | Reached ***** piety under Lugonu
  5976 | D:7      | Killed a green ugly thing
  6117 | D:7      | Reached skill level 8 in Axes
  6125 | D:7      | Noticed Maggie
  6139 | D:7      | Killed Maggie
  6282 | D:7      | Noticed Joseph
  6304 | D:7      | Killed Joseph
  6304 | D:7      | Reached XP level 10. HP: 32/83 MP: 14/14
  6883 | D:8      | Found Pufraaschas's Gadget Boutique.
  6978 | D:8      | Found a white marble altar of Elyvilon.
  7015 | D:8      | Reached skill level 5 in Armour
  7244 | D:8      | Found a shadowy altar of Dithmenos.
  7275 | D:8      | Noticed Harold
  7302 | D:8      | Killed Harold
  7302 | D:8      | Reached skill level 9 in Axes
  7343 | D:8      | Found Asoguen's Weapon Emporium.
  7439 | D:8      | Noticed Pikel
  7455 | D:8      | Killed Pikel
  7455 | D:8      | Reached skill level 5 in Dodging
  7909 | D:9      | Found Ryukkouq's Assorted Antiques.
  7917 | D:9      | Bought a scroll of enchant weapon for 277 gold pieces
  8173 | D:9      | Found a staircase to the Lair.
  8341 | D:9      | Noticed a two-headed ogre
  8351 | D:9      | Killed a two-headed ogre
  8351 | D:9      | Reached XP level 11. HP: 65/91 MP: 16/16
  8464 | D:10     | Entered Level 10 of the Dungeon
  8494 | D:10     | Noticed a two-headed ogre
  8502 | D:10     | Killed a two-headed ogre
  8507 | D:10     | Reached skill level 10 in Axes
  9249 | Lair:1   | Entered Level 1 of the Lair of Beasts
  9341 | Lair:1   | Noticed a seven-headed hydra
  9353 | Lair:1   | Banished an 11-headed hydra
  9781 | Lair:1   | Found a runed translucent gate.
  9782 | Lair:1   | Found a runed translucent gate.
  9782 | Lair:1   | Found a runed translucent gate.
  9782 | Lair:1   | Noticed Arhept's ghost (journeyman DECj)
  9811 | Lair:1   | Killed Arhept's ghost
  9930 | Lair:1   | Reached ****** piety under Lugonu
 10317 | Lair:2   | Found a staircase to the Snake Pit.
 10318 | Lair:2   | Noticed a four-headed hydra
 10329 | Lair:1   | Banished a four-headed hydra
 10404 | Lair:1   | Reached skill level 11 in Axes
 10532 | Lair:2   | Noticed a six-headed hydra
 10543 | Lair:2   | Banished a six-headed hydra
 10543 | Lair:2   | Reached XP level 12. HP: 87/101 MP: 18/18
 11305 | Lair:3   | Got a spiked ring mail
 11316 | Lair:3   | Identified the +0 ring mail of Integrity {Regen+ Slay+3}
                  | (You found it on level 3 of the Lair of Beasts)
 11352 | Lair:3   | Noticed a four-headed hydra
 11357 | Lair:3   | Banished a four-headed hydra
 11610 | Lair:3   | You fall into a shaft and drop 2 floors!
 11696 | Lair:5   | Noticed a death yak
 11698 | Lair:5   | Noticed a death yak
 11700 | Lair:5   | Noticed a death yak
 11713 | Lair:4   | Killed a death yak
 12149 | Lair:4   | Found a staircase to the Swamp.
 12287 | Lair:4   | Noticed a five-headed hydra
 12290 | Lair:4   | Banished a five-headed hydra
 12363 | Lair:4   | Noticed a seven-headed hydra
 12370 | Lair:4   | Reached skill level 12 in Axes
 12509 | Lair:4   | Banished a seven-headed hydra
 12990 | Lair:5   | Noticed an eight-headed hydra
 12991 | Lair:5   | Banished an eight-headed hydra
 12991 | Lair:5   | Reached skill level 10 in Invocations
 13436 | Lair:5   | Reached XP level 13. HP: 106/108 MP: 20/20
 13908 | Lair:6   | Entered Level 6 of the Lair of Beasts
 14440 | Lair:6   | Found a staircase to the Slime Pits.
 14829 | Lair:6   | Identified a scroll of acquirement
 15025 | Lair:6   | Noticed a fire dragon
 15030 | Lair:6   | Found a large runed translucent door.
 15181 | Lair:6   | HP: 3/111 [lava snake/glob of lava (13)]
 15250 | Lair:6   | Escaped the Abyss
 15691 | Lair:6   | Found a large runed translucent door.
 15732 | Lair:6   | Killed a fire dragon
 15923 | Lair:6   | Gained mutation: You have a pair of small horns on your
                  | head. [potion of mutation]
 15923 | Lair:6   | Gained mutation: You are partially covered in large bone
                  | plates. (SH +4) [potion of mutation]
 15924 | Lair:6   | Lost mutation: You have a pair of small horns on your head.
                  | [potion of mutation]
 15924 | Lair:6   | Gained mutation: You tend to lose your temper in combat.
                  | [potion of mutation]
 15924 | Lair:6   | Gained mutation: You are mostly covered in large bone
                  | plates. (SH +6) [potion of mutation]
 16371 | D:11     | Found Yrotesa's Gadget Shop.
 16407 | D:11     | Reached skill level 13 in Axes
 17033 | D:12     | Noticed Maurice
 17042 | D:12     | Killed Maurice
 17233 | D:12     | Found a staircase to the Orcish Mines.
 17461 | D:13     | Reached XP level 14. HP: 102/118 MP: 22/22
 17636 | D:13     | Noticed a stone giant
 17859 | D:13     | Killed a stone giant
 18174 | D:13     | Found a transporter.
 18223 | D:13     | Found a transporter.
 18224 | D:13     | Noticed Ylegg's ghost (journeyman HuWn)
 18238 | D:13     | Identified the +7 dire flail of the Blind Eye {freeze, rN+
                  | Dex+3}
 18404 | D:13     | Identified the cursed +1 glaive "Hebanwu" {freeze, Fragile
                  | rF+ rC+ MR+}
 18404 | D:13     | Identified the ring of Fevvecegu {*Tele rF+ MR- Str-5
                  | Int+5}
 18404 | D:13     | Noticed a fire giant
 18405 | D:13     | Identified the +6 quarterstaff of the Original Sin
                  | {distort, Dex+2}
 18425 | D:13     | Killed from afar by a fire giant

Illustrated notes

Levels and vault maps discovered:
D:1:      tarquinn_simple_flora_water_a, layout_basic, minmay_misc_feat_hallway,
          minmay_crystal_water
D:2:      layout_basic, tso_altar, doesnt_xom_only_xom
D:3:      layout_basic, first_ration, uniq_robin
D:4:      layout_loops_ring, minmay_misc_feat_plants,
          hangedman_decor_peaks_small
D:5:      layout_loops_ring, kennysheep_crisscross
D:6:      layout_rooms, gammafunk_temple_overflow_wave, uniq_grinder
D:7:      cheibrodos_shockbox, layout_cave_pools, minmay_temple_entry_junction,
          uniq_joseph, uniq_maggie
D:8:      layout_loops_ring, grunt_dithmenos_smoke_and_mirrors,
          elyvilon_altar_3, serial_shops, shop_statue, kennysheep_mini_moat,
          uniq_pikel, uniq_harold
D:9:      layout_cave_pools, grunt_lair_entry_orc_guard_hut, serial_shops, shop,
          minmay_variable_closet, grunt_pizzeria
D:10:     layout_irregular_city
D:11:     layout_small_grid, serial_shops, nicolae_shop_waterfront
D:12:     layout_rooms, hiddenorc2_lemuel, uniq_maurice
D:13:     cross_vault, layout_rooms, gammafunk_ghost_smash
Lair:1:   layout_regular_city, gammafunk_ghost_split, grunt_megastairs_4
Lair:2:   layout_chaotic_city, minmay_snake_entry_guardpost_small
Lair:3:   layout_long_grid
Lair:4:   layout_roguey, skrybe_swamp_entry_bodies, beast_lair_carwin_2
Lair:5:   layout_regular_city, chequers_serial_rivers_room_b,
          beast_lair_carwin_1
Lair:6:   cheibrodos_lair_end_hotspot, layout_gridlike,
          minmay_slime_entry_jelly_boxes

Skill      XL: |  1  2  3  4  5  6  7  8  9 10 11 12 13 |
---------------+----------------------------------------+-----
Axes           | 2 3 4 5 6 8 9 11 12 13 | 13.6
Dodging        | 1 2 3 4 5 6 7 |  7.8
Fighting       | 4 5 6 7 8 9 |  9.6
Armour         | 2 3 4 5 6 7 8 |  8.6
Invocations    | 3 4 5 6 7 8 10 11 | 11.6

Action                   |  1- 3 |  4- 6 |  7- 9 | 10-12 | 13-15 || total
-------------------------+-------+-------+-------+-------+-------++-------
Melee: Hand axe          |    49 |   162 |    29 |       |       ||   240
       Kick              |     7 |    27 |    51 |   133 |   146 ||   364
       Broad axe         |       |       |   205 |   533 |   520 ||  1258
Invok: Depart the Abyss  |     1 |       |       |       |     1 ||     2
       Banish            |       |       |       |    13 |     6 ||    19
       Enter the Abyss   |       |       |       |       |     1 ||     1
  Use: Potion            |     2 |       |       |     3 |     2 ||     7
       Scroll            |       |     4 |     1 |    13 |     8 ||    26
  Eat: Chunk             |       |     6 |     7 |    23 |    13 ||    49
       Ration            |       |       |       |       |     1 ||     1
Armor: Robe              |    37 |    58 |       |       |       ||    95
       Plate armour      |       |       |   143 |   349 |       ||   492
       Ring mail         |       |       |       |    76 |   250 ||   326
Dodge: Dodged            |    32 |   103 |    27 |   133 |   166 ||   461
Block: Other             |       |       |       |       |    71 ||    71

Table legend:
 A = Non-vault XP
 B = Vault XP
 C = Vault XP percentage of total XP
 D = Non-vault monster count
 E = Vault monster count
 F = Vault count percentage of total count
                 A         B        C        D         E       F
            +---------+---------+-------+---------+---------+-------
      Total |   49663 |   22662 |  31.3 |     459 |     122 |  21.0
            +---------+---------+-------+---------+---------+-------
        D:1 |      44 |       0 |   0.0 |      24 |       0 |   0.0
        D:2 |     148 |       0 |   0.0 |      34 |       0 |   0.0
        D:3 |     323 |      33 |   9.3 |      28 |      10 |  26.3
        D:4 |     234 |       0 |   0.0 |       9 |       0 |   0.0
        D:5 |    2130 |       0 |   0.0 |      43 |       0 |   0.0
        D:6 |     419 |     272 |  39.4 |      15 |       1 |   6.2
        D:7 |    1610 |     870 |  35.1 |      25 |       2 |   7.4
        D:8 |    1554 |    1614 |  50.9 |      34 |       2 |   5.6
        D:9 |    1560 |     875 |  35.9 |      14 |       7 |  33.3
       D:10 |    1956 |       0 |   0.0 |      16 |       0 |   0.0
       D:11 |    2716 |       0 |   0.0 |      26 |       0 |   0.0
       D:12 |    3824 |    2022 |  34.6 |      45 |      34 |  43.0
       D:13 |    7406 |    2282 |  23.6 |      43 |       3 |   6.5
     Lair:1 |    5192 |    1688 |  24.5 |      22 |       6 |  21.4
     Lair:2 |    2146 |     483 |  18.4 |      12 |       3 |  20.0
     Lair:3 |    4266 |       0 |   0.0 |      18 |       0 |   0.0
     Lair:4 |    3804 |    2189 |  36.5 |      13 |       6 |  31.6
     Lair:5 |    6695 |    2154 |  24.3 |      21 |       7 |  25.0
     Lair:6 |    3636 |    8180 |  69.2 |      17 |      41 |  70.7
            +---------+---------+-------+---------+---------+-------
